 Dungeon Crawl Stone Soup version 0.25-a0-277-g7046ed1b37 (webtiles) character file.

Game seed: 12740996671155154606, levelgen mode: deterministic

149 MoonlitKnight the Changer (level 5, -2/40 HPs)
             Began as a Draconian Transmuter on Dec 9, 2019.
             Slain by an adder (5 damage)
             ... on level 3 of the Dungeon.
             The game lasted 00:06:57 (3559 turns).

MoonlitKnight the Changer (Draconian Transmuter)    Turns: 3559, Time: 00:06:58

Health: -2/40      AC:  5    Str: 13    XL:     5   Next: 9%
Magic:  6/8        EV: 12    Int: 13    God:
Gold:   65         SH:  0    Dex: 12    Spells: 5/8 levels left

rFire    . . .     SeeInvis .     - Unarmed
rCold    . . .     Gourm    .   (no shield)
rNeg     . . .     Faith    .   (armour unavailable)
rPois    .         Spirit   .   (helmet restricted)
rElec    .         Reflect  .   (no cloak)
rCorr    .         Harm     .   (no gloves)
MR       .....                  (boots currently unavailable)
Stlth    +.........             (no amulet)
HPRegen  0.13/turn              (no ring)
MPRegen  0.11/turn              (no ring)

@: lethally poisoned (-2 -> -5), appendage (expiring)
A: unfitting armour, talons 3, cold-blooded, AC +5
a: End Transformation


You were on level 3 of the Dungeon.
You were hungry.
You had grown temporary talons.
You visited 1 branch of the dungeon, and saw 3 of its levels.

You collected 65 gold pieces.

Inventory:

Hand Weapons
 a - a +0 hunting sling
Missiles
 g - 57 arrows
 j - 43 stones (quivered)
 k - 12 sling bullets
Scrolls
 b - a scroll of noise {unknown}
 c - a scroll of fear {unknown}
 d - a scroll of blinking {unknown}
 i - 4 scrolls of identify {unknown}
 l - 2 scrolls of remove curse {unknown}
Potions
 e - a potion of curing
 f - 4 potions of cancellation {unknown}
 m - 3 potions of agility {unknown}
Comestibles
 h - a chunk of flesh
 n - 4 rations


   Skills:
 + Level 1.5 Fighting
 + Level 2.1 Dodging
 * Level 3.4 Unarmed Combat
 - Level 2.0 Spellcasting
 - Level 4.6 Transmutations


You had 5 spell levels left.
You knew the following spells:

 Your Spells              Type           Power        Failure   Level  Hunger
a - Beastly Appendage     Tmut           ##....       3%          1    ##.....
b - Sticks to Snakes      Tmut           ##......     5%          2    ###....

Your spell library contained the following spells:

 Spells                   Type           Power        Failure   Level  Hunger
 Spider Form              Tmut/Pois      #.........   28%         3    ####...
 Ice Form                 Ice/Tmut       #.......     67%         4    #####..
 Blade Hands              Tmut           ##........   71%         5    ######.


Dungeon Overview and Level Annotations

Branches:
Dungeon (3/15)

Altars:
Nemelex Xobeh

Annotations:
D:2 1 runed translucent door, Crazy Yiuf


Innate Abilities, Weirdness & Mutations

Your plain brown scales are hard. (AC +5)
You cannot fit into any form of body armour.
You are cold-blooded and may be slowed by cold attacks.
You have claws for feet.


Message History

Your adder barely misses the adder.
The adder bites your adder.
Your adder dies!
You barely miss the adder.
The adder is lightly wounded.
The adder bites you.
* * * LOW HITPOINT WARNING * * *
You are poisoned.
The adder poisons you!
You completely miss the adder.
The adder is lightly wounded.
You feel sick. The adder bites you.
* * * LOW HITPOINT WARNING * * *
The adder misses you.
You hit the adder. Your kick misses the adder.
The adder is severely wounded.
The adder misses you.
You closely miss the adder.
The adder is severely wounded.
The orc misses you. The adder bites you.
You die...

#.###.#.# ##.#.# #.##'#
#.###.#.###.#..# #....
#.......##.###.## #..# ####
#.###.###.## ##.## ##)# #....
..^##.##.## ##.####..##..≈..
..........## ##..J.Soo.#$.....
...##.##.#.###..o####J.#o.....
#.###.##.##.#.#oS# ##.#o.....
### #.##.###.###@#####.##..≈..
#####.##.# #...........###....
......##.#
#..#######...#########
.#######.# #..# #.#..........
.# #.###..# #.###.####### .#
#......# #...........# .#
#####..# #.##...####.# .# #..#
#.#.....# .#
#..#######.##...##


You could see an orc priest, an ooze, an adder and an orc.

Vanquished Creatures
  5 adders
  An ooze (D:3)
  4 worms (D:2)
  4 dart slugs
  A leopard gecko (D:2)
  3 orcs (D:3)
  7 bats
  2 giant cockroaches
  3 hobgoblins (D:1)
  6 kobolds
  A quokka (D:3)
  5 frilled lizards
  13 goblins
  8 rats
63 creatures vanquished.

Vanquished Creatures (collateral kills)
  Terence (D:2)
  An orc (D:3)
2 creatures vanquished.

Grand Total: 65 creatures vanquished

Notes
Turn   | Place    | Note
-------+----------+-------------------------------------------
     0 | D:1      | MoonlitKnight the Draconian Transmuter began the quest for
                  | the Orb.
     0 | D:1      | Reached XP level 1. HP: 16/16 MP: 3/3
   218 | D:1      | Reached XP level 2. HP: 22/23 MP: 3/5
   230 | D:1      | Reached skill level 3 in Transmutations
   311 | D:1      | Learned a level 2 spell: Sticks to Snakes
  1093 | D:2      | Reached XP level 3. HP: 9/28 MP: 4/6
  1263 | D:2      | Noticed Terence
  1279 | D:2      | Killed Terence
  1279 | D:2      | Reached skill level 4 in Transmutations
  1881 | D:2      | Reached XP level 4. HP: 8/35 MP: 7/7
  2608 | D:2      | Found a runed translucent door.
  2609 | D:2      | Noticed Crazy Yiuf
  2865 | D:3      | Found a faded altar of an unknown god.
  2930 | D:3      | Found a sparkling altar of Nemelex Xobeh.
  3330 | D:3      | Reached XP level 5. HP: 31/40 MP: 6/8
  3559 | D:3      | Slain by an adder

Levels and vault maps discovered:
D:1:      nagdon_arrival_zigzag_paths, layout_basic, minmay_box_of_dots
D:2:      layout_loops_ring, uniq_terence, uniq_crazy_yiuf_cottage
D:3:      cheibrodos_pilgrimage, layout_loops_corners,
          nicolae_overflow_crystal_walls, lemuel_crystal_altar,
          chequers_ecumenical_altar_grove

Skill      XL: |  1  2  3  4 |
---------------+-------------+-----
Transmutations | 3 4 |  4.6
Dodging        | 2 |  2.1
Fighting       | |  1.5
Unarmed Combat | |  3.4
Spellcasting   | |  2.0

Action                   |  1- 3 |  4- 6 || total
-------------------------+-------+-------++-------
Melee: Unarmed           |   148 |   114 ||   262
       Tailslap          |    17 |    13 ||    30
       Headbutt          |    11 |     3 ||    14
       Punch             |     2 |     2 ||     4
       Kick              |     3 |     2 ||     5
 Cast: Beastly Appendage |     8 |     4 ||    12
       Sticks to Snakes  |     1 |     3 ||     4
  Use: Potion            |       |     2 ||     2
 Stab: Sleeping          |       |     2 ||     2
  Eat: Ration            |     1 |       ||     1
       Chunk             |       |     5 ||     5
Armor: Skin              |    27 |    29 ||    56
Dodge: Dodged            |    68 |    62 ||   130

Table legend:
 A = Non-vault XP
 B = Vault XP
 C = Vault XP percentage of total XP
 D = Non-vault monster count
 E = Vault monster count
 F = Vault count percentage of total count
                 A         B        C        D         E       F
            +---------+---------+-------+---------+---------+-------
      Total |     183 |      30 |  14.1 |      61 |       4 |   6.2
            +---------+---------+-------+---------+---------+-------
        D:1 |      34 |       2 |   5.6 |      17 |       1 |   5.6
        D:2 |      75 |      23 |  23.5 |      24 |       1 |   4.0
        D:3 |      74 |       5 |   6.3 |      20 |       2 |   9.1
            +---------+---------+-------+---------+---------+-------
